 Dungeon Crawl Stone Soup version 0.28-a0-1624-g820543e53a (webtiles) character file.

Game seed: 3409768056763501103

56 frimble the Grasshopper (level 3, -1/27 HPs)
             Began as a Demonspawn Warper on Jan 23, 2022.
             Succumbed to a kobold brigand's poison
             ... on level 3 of the Dungeon.
             The game lasted 00:03:09 (3239 turns).

frimble the Grasshopper (Demonspawn Warper)         Turns: 3239, Time: 00:03:09

Health: -1/27      AC:  4    Str: 17    XL:     3   Next: 69%
Magic:  6/6        EV: 16    Int: 18    God:
Gold:   118        SH:  0    Dex: 14    Spells: 4/6 levels left

rFire   . . .      SeeInvis .   g - +0 dagger (venom)
rCold   . . .      Faith    .   (no shield)
rNeg    . . .      Spirit   .   a - +1 leather armour
rPois   .          Reflect  .   (helmet restricted)
rElec   .          Harm     .   (no cloak)
rCorr   .          Rampage  .   (no gloves)
Will    .....      Rage     1%  (no boots)
Stlth   ++........              (no amulet)
HPRegen 0.09/turn               m - +4 ring of evasion
MPRegen 0.10/turn               d - +6 ring of strength

@: lethally poisoned (-1 -> -26), attractive
A: thin skeletal structure 1, antennae 1, berserk 1, clever 1, MP-powered wands
a: no special abilities


You were on level 3 of the Dungeon.
You visited 1 branch of the dungeon, and saw 3 of its levels.

You collected 118 gold pieces.

Inventory:

Hand Weapons
 g - a +0 dagger of venom (weapon)
Missiles
 c - 5 boomerangs of dispersal (quivered)
Armour
 a - a +1 leather armour (worn)
Jewellery
 d - a +6 ring of strength (right hand)
 f - a ring of positive energy
 i - a ring of willpower
 m - a +4 ring of evasion (left hand)
 n - a +6 ring of dexterity
Scrolls
 b - a scroll of blinking
 l - a scroll of fog
 o - 2 scrolls of teleportation
 p - a scroll of silence
Potions
 h - a potion of might {unknown}
 j - a potion of mutation


   Skills:
 - Level 2.0 Fighting
 + Level 2.4 Short Blades
 - Level 0.8 Throwing
 - Level 0.8 Armour
 - Level 1.7 Dodging
 - Level 2.0 Unarmed Combat
 - Level 2.0 Spellcasting
 + Level 3.1 Translocations


You had 4 spell levels left.
You knew the following spells:

 Your Spells              Type           Power      Damage    Failure   Level
a - Blink                 Tloc           26%        N/A       9%          2

Your spell library contained the following spells:

 Spells                   Type           Power      Damage    Failure   Level
 Gell's Gravitas          Tloc           13%        N/A       17%         3
 Lesser Beckoning         Tloc           13%        N/A       17%         3
 Teleport Other           Tloc           13%        N/A       17%         3
 Sublimation of Blood     Necr           1%         N/A       32%         2
 Wereblood                Tmut           1%         N/A       32%         2
 Manifold Assault         Tloc           13%        N/A       85%         5
 Summon Hydra             Summ           0%         N/A       100%        7


Dungeon Overview and Level Annotations

Branches:
Dungeon (3/15)

Altars:

Shops:
D:2 =(   D:3 =


Innate Abilities, Weirdness & Mutations

You have a somewhat thin skeletal structure. (Dex +2, Stealth+)
You have a pair of small antennae on your head.
You tend to lose your temper in combat.
Your mind is acute. (Int +2)
You expend magic power (3 MP) to strengthen your wands.


Message History

The kobold brigand barely misses you.
You barely miss the kobold brigand. The kobold brigand misses you.
You closely miss the kobold brigand.
The kobold brigand hits you but does no damage.
You hit the kobold brigand.
The kobold brigand is poisoned.
The kobold brigand is lightly wounded.
The kobold brigand hits you with a +0 club.
A kobold brigand comes into view.
It is wielding a +1 dagger of venom and quivering poisoned darts.
The kobold brigand is attracted toward you.
You hit the kobold brigand.
The kobold brigand looks as sick as possible!
The kobold brigand is lightly wounded.
The kobold brigand throws a poisoned dart.
The poisoned dart hits you!
You are poisoned.
The kobold brigand is attracted toward you.
You barely miss the kobold brigand.
You feel sick. The kobold brigand barely misses you.
You hit the kobold brigand but do no damage.
The kobold brigand is poisoned.
You feel sick.
The kobold brigand hits you with a +1 dagger of venom.
You are lethally poisoned!
You barely miss the kobold brigand.
The kobold brigand is lightly wounded.
You feel very sick. The kobold brigand barely misses you.
The kobold brigand misses you.
Okay, then.
* * * LOW HITPOINT WARNING * * *
You feel very sick.
The kobold brigand throws a poisoned dart.
The poisoned dart closely misses you.
The kobold brigand hits you with a +1 dagger of venom.
* * * LOW HITPOINT WARNING * * *
You are more poisoned.
The kobold brigand is attracted toward you.
It was a potion of mutation.
You feel extremely strange. A pair of antennae grows on your head!
You feel clever.
You feel a little pissed off.
You feel your magical essence link to the dungeon's wands.
You die...

.#.####...# #..#
..........#####..#
........†.........#
...#.##...#.##...###.#
#.....................
#..#..#.#.#.##.#####.#
#..#...∩..#.##.#
####..#.##.###K##.#####.#
.............§K@)........
......#.##..##<##.#####.#
####..#.##..##.##.#
#..#.##..##.##.#####.##
#..#.##..##.##.........
#...........##.#####.##
#........##.##.#
###.##.##..##....#
............##.####


You could see 2 kobold brigands.

Vanquished Creatures
  An adder (D:2)
  2 worms (D:2)
  An orc (D:2)
  3 bats
  3 endoplasms (D:2)
  A giant cockroach (D:3)
  6 goblins
  7 hobgoblins
  3 kobolds
  3 ball pythons
  2 frilled lizards
  6 rats
38 creatures vanquished.

Notes
Turn   | Place    | Note
-------+----------+-------------------------------------------
     0 | D:1      | frimble the Demonspawn Warper began the quest for the Orb.
     0 | D:1      | Reached XP level 1. HP: 16/16 MP: 3/3
   793 | D:1      | Reached skill level 1 in Short Blades
   810 | D:1      | Found a faded altar of an unknown god.
  1212 | D:2      | Gained mutation: You have a somewhat thin skeletal
                  | structure. (Dex +2, Stealth+) [demonic ancestry]
  1212 | D:2      | Reached XP level 2. HP: 21/22 MP: 5/5
  1359 | D:2      | Learned a level 2 spell: Blink
  1781 | D:2      | Reached XP level 3. HP: 27/27 MP: 6/6
  1915 | D:2      | Found Coleapti's Antique Weapon Boutique.
  1922 | D:2      | Reached skill level 3 in Translocations
  2016 | D:2      | Found Dasmyguf's Jewellery Shoppe.
  2947 | D:3      | Noticed a kobold brigand
  2965 | D:3      | Found Relippu's Jewellery Boutique.
  3233 | D:3      | Noticed a kobold brigand
  3239 | D:3      | Gained mutation: You have a pair of small antennae on your
                  | head. [potion of mutation]
  3239 | D:3      | Gained mutation: Your mind is acute. (Int +2) [potion of
                  | mutation]
  3239 | D:3      | Gained mutation: You tend to lose your temper in combat.
                  | [potion of mutation]
  3239 | D:3      | Gained mutation: You expend magic power (3 MP) to
                  | strengthen your wands. [potion of mutation]
  3239 | D:3      | Succumbed to a kobold brigand's poison

Illustrated notes

Levels and vault maps discovered:
D:1:      lemuel_arrival_tunnels, layout_basic,
          dreamdust_ecumenical_altar_grove, serial_rivers,
          chequers_serial_rivers_small_b, chequers_serial_rivers_small_b,
          chequers_serial_rivers_room_a, chequers_serial_rivers_micro_d,
          chequers_serial_rivers_large_b, minivault_26
D:2:      minmay_chambers_of_ones, layout_basic, serial_shops, shop_statue,
          shop, chequers_serial_rivers_micro_c
D:3:      cheibrodos_thug_alley, layout_basic, vehumet_crystals, zin_angel,
          lemuel_blue_sif_altar, serial_shops, nicolae_shop_crystal

Skill      XL: |  1  2  3 |
---------------+----------+-----
Unarmed Combat | 2 |  2.0
Short Blades   | 1 2 |  2.4
Translocations | 3 |  3.1
Fighting       | |  2.0
Throwing       | |  0.8
Armour         | |  0.8
Dodging        | |  1.7
Spellcasting   | |  2.0

Action                   || total
-------------------------++-------
Melee: Dagger            ||   113
       Unarmed           ||    13
       Punch             ||     2
  Use: Scroll            ||     8
       Potion            ||     2
 Stab: Sleeping          ||     6
Armor: Leather armour    ||    22
Dodge: Dodged            ||    84

Table legend: (Time is in decaauts)
 A = Elapsed time spent in this place.
 B = Non-inter-level travel time spent in this place.
 C = Inter-level travel time spent in this place.
 D = Time resting spent in this place.
 E = Time spent auto-exploring this place.
 F = Levels seen in this place.
 G = Mean time per level.
                   A        B        C        D        E       F      G
               +--------+--------+--------+--------+--------+-----+--------+
         Total |   3293 |   3237 |     56 |    350 |   2486 |   3 | 1097.7 |
       Dungeon |   3293 |   3237 |     56 |    350 |   2486 |   3 | 1097.7 |
               +--------+--------+--------+--------+--------+-----+--------+

Top non-repeatable levels by time:
     D:2: 1394 daAuts
     D:1: 1263 daAuts
     D:3: 636 daAuts
